[Event "2nd Serbia Open Masters 2022"]
[Site "Novi Sad"]
[Date "2022.06.29"]
[Round "2.9"]
[White "Tania, Sachdev"]
[Black "Can, Emre"]
[Result "0-1"]
[ECO "D44"]
[WhiteElo "2399"]
[BlackElo "2599"]
[Annotator "TA"]
[PlyCount "58"]
[EventDate "2022.06.28"]
[EventType "swiss"]
[EventCountry "SRB"]
[SourceTitle "playchess.com"]
[Source "ChessBase"]
[SourceQuality "1"]
[TimeControl "40/5400+30:900+30"]

1. d4 d5 2. c4 e6 3. Nf3 Nf6 4. Nc3 c6 5. Bg5 dxc4 6. a4 b5 $1 {[%emt 0:01:30][%mdl 4] outshines the older 6...Bb4.} 7. axb5 {[%emt 0:01:20] D44: Semi-Slav: Botvinnik System.} cxb5 8. Nxb5 {[%emt 0:14:31] White wants to play e4.} Qb6 $1 9. Nc3 {[%emt 0:06:30] The position is equal.} ({Don't blunder} 9. Qa4 $2 Bd7 10. Qxc4 (10. Bxf6 $2 Bxb5 11. Qc2 Bb4+ 12. Kd1 gxf6 $19) 10... Qxb5 $19) 9... Qxb2 {[%emt 0:00:39] Strongly threatening ...Bb4.} 10. Bd2 Nd5 11. Rc1 Nd7 {[%emt 0:12:50] [#]} 12. e4 $146 ({Predecessor:} 12. Na4 Qb3 13. e3 N7b6 14. Qxb3 cxb3 15. Ne5 f6 16. Bb5+ Ke7 17. Nd3 Bd7 18. Bxd7 Nxd7 19. e4 N5b6 20. Nac5 a5 {½-½ (20) Baroin,B (2183)-Kain,T (2435) ICCF email 2014}) 12... Nxc3 13. Bxc3 ({Reject} 13. Rxc3 Nb6 $15) 13... Bb4 14. Bxb4 Qxb4+ 15. Qd2 Rb8 16. Bxc4 O-O 17. O-O Qxd2 18. Nxd2 Rb2 19. Rfd1 Nb6 20. Bd3 Rd8 21. Nc4 Rb4 22. Na5 {[%emt 0:07:10] aiming for Nc6.} Bd7 23. d5 Kf8 24. Rc7 (24. Nb7 $11 Rc8 25. Nc5) 24... exd5 {[%emt 0:03:10] Hoping for ...Ba4.} (24... Ba4 $5 25. Rf1 exd5 $15) 25. exd5 (25. f3 $15) 25... Ba4 26. Re1 Rxd5 27. Nc4 Rxd3 $19 {[%emt 0:03:59] Black is clearly winning.} 28. Nxb6 {[%emt 0:00:15] [#] Intending Rc8+ and mate.} Re4 $3 29. Rc8+ (29. Ra1 axb6) 29... Be8 {[%emt 0:00:08] Weighted Error Value: White=0.37/Black=0.05 (flawless)} 0-1

[Event "2nd Serbia Open Masters 2022"]
[Site "Novi Sad"]
[Date "2022.06.29"]
[Round "2.10"]
[White "Sanal, Vahap"]
[Black "Ostovic, Matija"]
[Result "1-0"]
[ECO "B07"]
[WhiteElo "2575"]
[BlackElo "2391"]
[Annotator "TA"]
[PlyCount "91"]
[EventDate "2022.06.28"]
[EventType "swiss"]
[EventCountry "SRB"]
[SourceTitle "playchess.com"]
[Source "ChessBase"]
[SourceQuality "1"]
[TimeControl "40/5400+30:900+30"]

1. e4 d6 2. d4 Nf6 3. Nc3 e5 4. dxe5 dxe5 5. Qxd8+ Kxd8 6. Bc4 Ke8 {[%emt 0:00:28] is recently more successful than 6...Be6. B07: Pirc Defence: Miscellaneous Systems.} 7. f4 Bb4 8. Bd3 {[%emt 0:00:27] [#]} exf4 $146 {[%emt 0:10:24] White is slightly better.} ({Predecessor:} 8... Nc6 9. Nf3 Bg4 10. fxe5 Bxc3+ 11. bxc3 Nd7 12. Bf4 Bxf3 13. gxf3 Ndxe5 14. Be2 Ke7 {1-0 (53) Sarana,A (2685)-Ibarra Jerez,J (2570) Chess.com INT 2022}) 9. Bxf4 c6 10. Nge2 Be6 11. Nd4 Nbd7 12. a3 Bc5 13. Nf5 Nh5 14. Bd2 g6 15. Be2 Nhf6 16. Ng7+ Ke7 17. Rf1 Bd6 18. Nxe6 fxe6 19. O-O-O {[%emt 0:01:19] White wants to play Bg5.} h6 {[%emt 0:00:40] Prevents Bg5.} 20. Be1 {[%emt 0:08:43][%cal Od1d6] Hoping for Rxd6!} Be5 21. Na4 a5 22. c4 g5 23. g3 Nxe4 24. Rxd7+ Kxd7 25. Rf7+ Kd8 ({Black should play} 25... Kd6 $15) 26. Nb6 $1 $14 {[%emt 0:01:11][%mdl 1024] White has compensation.} Ra6 27. Rd7+ Ke8 28. Bh5+ Kf8 29. Rf7+ Kg8 30. Nc8 $40 {[%emt 0:09:54][%cal Rc8e7][%mdl 128] White is up to no good.} Bf6 {[%emt 0:00:52] White must now prevent ...Rh7.} 31. Bg6 {[%emt 0:01:34] Inhibits Rh7. Ne7+ is the strong threat. This bishop pair is nice.} Ra8 (31... h5 $11 32. Ne7+ Bxe7 33. Rxe7 Nf6) 32. Nb6 {[%emt 0:01:34] White is more active.} ({Stronger than} 32. Rxb7 Nc5 33. Rc7 Be5 34. Rxc6 Nb3+ 35. Kb1 Kg7 $17) ({White has to play} 32. Ne7+ $1 $16 Bxe7 33. Rxe7) 32... Rd8 $1 $11 33. Bxa5 {[%emt 0:00:14] [#]} Nc5 $1 {[%emt 0:04:40] Inhibits Nd7. And now ...Rf8 would win.} 34. Rxf6 Nb3+ 35. Kc2 {[%emt 0:00:07] [#]} (35. Kb1 $11 {remains equal.} Nxa5 36. Rxe6) 35... Nxa5 $2 {[%emt 0:00:06] [#]} (35... Nd4+ $1 $17 {keeps the pressure on.} 36. Kc3 Kg7 37. Rf7+ (37. Nd5 Rxd5 38. cxd5 Nb5+ 39. Kd2 Kxf6 $17) 37... Kxg6 38. Rxb7 Nf3) 36. b4 $1 $16 Kg7 (36... Rf8 $142 37. Rxf8+ (37. Rxe6 Rf2+ 38. Kc3 Rf3+ 39. Kc2 Rf2+ 40. Kc3 Rf3+ 41. Kb2 Rf2+ 42. Kc3 $14) 37... Kxf8) 37. Rxe6 Rhf8 $2 {[%emt 0:00:56] This move loses the game for Black.} (37... Rdf8 $16) 38. bxa5 $18 Rf2+ 39. Kb3 Rxh2 40. g4 Rh3+ (40... Rd4 {keeps fighting.} 41. Bf5 h5 42. Rg6+ Kf7 43. gxh5 Rxh5) 41. Kb4 {[%emt 0:01:13] White is clearly winning.} Rd2 42. a4 Rg2 43. Bh5 Rb2+ 44. Kc5 {[%emt 0:00:03] Threatens to win with Re7+.} Rd3 45. Re7+ Kf6 46. Rxb7 {[%emt 0:00:13] Weighted Error Value: White=0.16 (very precise) /Black=0.35} 1-0

[Event "2nd Serbia Open Masters 2022"]
[Site "Novi Sad"]
[Date "2022.06.29"]
[Round "2.11"]
[White "Damjanovic, Vuk"]
[Black "Kadric, Denis"]
[Result "1/2-1/2"]
[ECO "B07"]
[WhiteElo "2393"]
[BlackElo "2576"]
[Annotator "TA"]
[PlyCount "39"]
[EventDate "2022.06.28"]
[EventType "swiss"]
[EventCountry "SRB"]
[SourceTitle "playchess.com"]
[Source "ChessBase"]
[SourceQuality "1"]
[TimeControl "40/5400+30:900+30"]

1. d4 d6 2. Nc3 Nd7 3. e4 e5 4. Nge2 Ngf6 5. h3 h5 6. Be3 {[%emt 0:01:37] B07: Pirc Defence: Miscellaneous Systems.} c6 7. a4 {[%emt 0:02:10] [#] Inhibits b5.} b6 $146 ({Predecessor:} 7... Qc7 8. Qd2 Be7 9. g3 b6 10. Bg2 Bb7 11. O-O O-O 12. f4 exd4 13. Nxd4 d5 {½-½ (36) Silva,O (2341)-Koelle,T (2275) Chess.com INT 2020}) 8. Rg1 {[%emt 0:00:49] White is slightly better.} h4 9. g4 hxg3 $1 10. Nxg3 Qc7 11. f4 a6 12. Qd2 Bb7 13. Rd1 (13. Nf5 $11 {keeps the balance.}) 13... b5 ({Better is} 13... exd4 $17 14. Bxd4 (14. Qxd4 O-O-O $15) 14... O-O-O) 14. Qf2 (14. Bg2 $15) 14... b4 (14... exd4 $17 15. Bxd4 O-O-O) 15. Nce2 (15. dxe5 $1 $15 dxe5 16. Nb1) 15... exd4 $17 16. Nxd4 c5 (16... Nc5 $17 17. Qg2 Nxa4) 17. Nf3 $1 $11 {[%emt 0:00:17] The position is equal.} Nxe4 18. Nxe4 Bxe4 19. Ng5 d5 {[%emt 0:00:40] Threatens to win with ...Nf6.} 20. Nxe4 {[%emt 0:07:16] Weighted Error Value: White=0.26 (precise) /Black=0.14 (very precise)} 1/2-1/2

[Event "2nd Serbia Open Masters 2022"]
[Site "Novi Sad"]
[Date "2022.06.29"]
[Round "2.12"]
[White "Mendonca, Leon Luke"]
[Black "Erdogmus, Yagiz Kaan"]
[Result "0-1"]
[ECO "E60"]
[WhiteElo "2551"]
[BlackElo "2383"]
[Annotator "TA"]
[PlyCount "78"]
[EventDate "2022.06.28"]
[EventType "swiss"]
[EventCountry "SRB"]
[SourceTitle "playchess.com"]
[Source "ChessBase"]
[SourceQuality "1"]
[TimeControl "40/5400+30:900+30"]

1. d4 Nf6 2. c4 g6 3. h4 c6 4. Nc3 d5 5. cxd5 cxd5 6. Bf4 {[%emt 0:00:28] E60: King's Indian: Unusual lines and Fianchetto Variation without Nc3.} Bg7 7. e3 Nc6 8. Be2 {[%emt 0:01:43] The position is equal.} h5 9. Nf3 O-O {[%emt 0:04:29] [#]} 10. Ng5 $146 ({Predecessor:} 10. Qb3 Na5 11. Qb4 Bg4 12. O-O Rc8 13. Rfc1 Ne4 14. Nxe4 Rxc1+ 15. Rxc1 dxe4 16. Bc7 {0-1 (54) Paravyan,D (2647)-Matinian,N (2470) Chess.com INT 2021}) 10... a6 11. O-O e6 (11... Re8 $11 {remains equal.}) 12. Rc1 $16 Re8 13. Na4 Bf8 14. Qb3 Bd6 15. Bxd6 Qxd6 16. Rfd1 Nd7 17. Qc3 Rb8 (17... Nf6 $142) 18. Rd2 Nb4 (18... Ne7 $142) 19. b3 Nc6 {[%emt 0:01:56] [#]} (19... Nf6 $16 {was worth a try.}) 20. g3 (20. Bxa6 $1 $18 {[%mdl 512] is more deadly.} b6 21. Bb5 (21. Qxc6 Qxc6 22. Rxc6 Bxa6 $16)) 20... Qa3 21. Qb2 Qd6 22. e4 f6 {[%emt 0:00:49] Inhibits e5.} 23. Nxe6 Rxe6 $11 (23... Qxe6 $2 24. exd5 Qd6 25. dxc6 bxc6 26. Qc2 $18) 24. exd5 Rxe2 25. Rxe2 Qxd5 26. Nc3 Qf7 (26... Qxd4 27. Rd1 Qg4 28. Ne4 $16) 27. Ne4 Qd5 {[%emt 0:00:17] Inhibits Nd6.} (27... Nb6 $11 {keeps the balance.}) 28. Nc3 (28. Rc4 $16) 28... Qf7 $1 (28... Qxd4 29. Rd1 Qg4 30. Ne4 $16) 29. Ne4 Qd5 {[%emt 0:00:04] Against Nd6} (29... Nb6 $11) 30. Rd1 (30. Rc4 $14) 30... Nce5 $2 ({Better is} 30... f5 $11 31. Nc3 Qd6) 31. Qc1 $2 (31. Qa3 $1 $16 {Strongly threatening Nc3.} Nf3+ 32. Kg2) 31... Nf3+ 32. Kh1 {[%emt 0:00:30] Threatens to win with Qc7.} Qf5 (32... Nxd4 $2 33. Qe3 Nf5 34. Rxd5 $18) 33. Kg2 {[%emt 0:00:24] Against Qh3+. Black must now prevent Qc4+.} Qg4 $36 {[%emt 0:00:38][%mdl 2048] ...Nxh4+ is the strong threat. Black has some pressure.} 34. Rh1 {[%emt 0:00:36] Really sharp! Active counter play!} b6 $2 (34... b5 $11 35. Nd6 Nxd4 36. Re8+ Nf8 37. Nxc8 (37. Rxc8 $2 Qf3+ 38. Kh3 Ne2 $19) 37... Qf3+ 38. Kh3 (38. Kg1 Ne2+ 39. Rxe2 Qxe2 $11) 38... Qf5+ 39. Kg2 Qf3+ 40. Kh3 (40. Kg1 Ne2+ 41. Rxe2 Qxe2 $11) 40... Qf5+ 41. Kg2 Qf3+) 35. Qc7 $2 (35. Qc4+ $18 Kh8 36. Nd6) 35... Nxd4 $2 {[%emt 0:00:30][%mdl 8192] [#]} (35... Nxh4+ $11 36. Kf1 Nf5) 36. Qd8+ $4 {[%emt 0:00:28][%mdl 8192] [#]} (36. Nxf6+ $1 $18 Kg7 37. Nxg4 Nxe2 38. Ne5) 36... Kg7 $1 $19 {[%emt 0:00:21] Black is clearly winning.} 37. Qe7+ Kh6 38. Re3 Nf5 39. Nd6 (39. f3 $142 Nxe3+ 40. Kf2) 39... Nxe7 {[%emt 0:00:14] Weighted Error Value: White=0.60/Black=0.40} 0-1

[Event "2nd Serbia Open Masters 2022"]
[Site "Novi Sad"]
[Date "2022.06.29"]
[Round "2.13"]
[White "Beydullayeva, Govhar"]
[Black "Basso, Pier Luigi"]
[Result "1/2-1/2"]
[ECO "D37"]
[WhiteElo "2384"]
[BlackElo "2570"]
[Annotator "TA"]
[PlyCount "120"]
[EventDate "2022.06.28"]
[EventType "swiss"]
[EventCountry "SRB"]
[SourceTitle "playchess.com"]
[Source "ChessBase"]
[SourceQuality "1"]
[TimeControl "40/5400+30:900+30"]

1. d4 d5 2. c4 e6 3. Nc3 h6 4. Nf3 Nf6 5. Bf4 Bd6 6. Bxd6 {[%emt 0:00:22] D37: Queen's Gambit Declined: 5 Bf4.} Qxd6 $1 {[%emt 0:00:10] 6...Qxd6 scores better than 6...cxd6.} 7. c5 Qe7 8. e3 {[%emt 0:00:23] White is slightly better.} c6 9. Be2 Nbd7 10. b4 a6 {[%emt 0:01:37] [#]} 11. a4 $146 ({Predecessor:} 11. O-O O-O 12. Ne1 e5 13. a4 Re8 14. Nc2 exd4 15. exd4 Ne4 16. Nxe4 Qxe4 {1-0 (46) Barros,R (2105)-De la Hoz,R Barranquilla 1999}) 11... e5 12. O-O O-O 13. Qc2 e4 14. Nd2 Nh7 15. b5 Qh4 (15... f5 $14 {was preferrable.}) 16. bxc6 bxc6 17. f3 exf3 (17... f5 $14) 18. Nxf3 $16 Qd8 19. e4 {[%emt 0:02:15] 0x0.0017640b890edp-1022s more active pieces.} dxe4 (19... Nhf6 $16 20. exd5 cxd5) 20. Nxe4 $18 (20. Qxe4 $6 Qc7 $16) 20... Ndf6 21. Nd6 Ne8 22. Nxc8 Qxc8 23. Ne5 {[%emt 0:00:17][%cal Oe5f7] Strongly threatening Nxf7!} Nhf6 (23... Nef6 $142 24. Bc4 Nd5 25. Rxf7 Rxf7) 24. Bf3 Nd5 25. Bxd5 cxd5 26. Rab1 {[%emt 0:01:28] Black must now prevent c6.} Nf6 27. Qf5 {[%emt 0:08:02] Against Ng4} Qxf5 (27... Ra7 {was necessary.} 28. Rb6 a5 29. Rxf6 gxf6 30. Qxf6 Qe6) 28. Rxf5 a5 29. Nc6 {[%emt 0:04:51] Inhibits Ra7.} Rfe8 30. Re5 Kf8 31. Rxe8+ Kxe8 {[%emt 0:00:12][%mdl 4096] Endgame KRN-KRN} 32. Rb7 Nd7 33. Kf2 f5 34. Kf3 g5 35. Rb5 (35. g3 $18) 35... Ra6 $16 36. Nxa5 Nf6 37. Nb7 $1 Rxa4 38. Nd6+ Kd7 39. Nxf5 Ra3+ 40. Ne3 (40. Ke2 $1 $18) 40... h5 (40... Ne4 $142) 41. h3 (41. Rb7+ $1 $16 Kd8 42. h3) 41... Rd3 {[%emt 0:05:43] [#]} (41... Ne4 $14) 42. Rb7+ (42. Rb4 $1 $18) 42... Kc8 {[%emt 0:01:08] [#]} 43. Rb4 Rd2 (43... Ra3 $16) 44. Nf5 $18 {[%emt 0:02:46] Rb6 is the strong threat.} Kc7 45. Nd6 {[%emt 0:03:44] Prevents Ne4.} Ne4 $2 (45... Kd7 {was worth a try.} 46. Rb7+ Ke6) 46. Ke3 Rxg2 (46... Ra2 $142 47. Rb7+ (47. Nxe4 Ra3+ 48. Ke2 dxe4 $18) 47... Kc6 48. Rb6+ Kc7 49. Nxe4 Ra3+ 50. Kf2 Ra2+ 51. Ke3 Ra3+ 52. Ke2 dxe4) 47. Nxe4 dxe4 48. Kxe4 {[%emt 0:00:02] KR-KR} g4 49. hxg4 Rxg4+ 50. Kd5 h4 51. Ra4 $2 (51. Rb6 $18 Rg5+ 52. Kc4) 51... Rg5+ $11 52. Kc4 {[%emt 0:00:06] Threatens to win with Ra7+.} Rh5 $1 53. d5 {[%emt 0:03:33] Threatening mate with d6+.} h3 54. d6+ Kb7 $1 {[%emt 0:01:25] ( -> ...Rh4+)} 55. d7 Rh8 (55... Kc7 {gets mated.} 56. Ra7+ Kd8 57. c6 Ke7 58. Ra8 Rh4+ 59. Kd3 Rg4 60. d8=Q+ Ke6 61. Qd7+ Ke5 62. Qc7+ Kd5 63. Ra5+ Ke6 64. Qd7+ Kf6 65. Rf5+ Kg6 66. Qf7+ Kh6 67. Rh5#) 56. Ra2 {[%emt 0:02:52] Intending Kb5 and mate.} Kc7 57. Ra7+ Kc6 58. d8=Q Rf8 $2 (58... Rxd8 $11 59. Ra6+ (59. Rh7 Rd1 $11) 59... Kc7) 59. Qe8+ $2 Rxe8 60. Rh7 Rd8 {[%emt 0:00:00] Weighted Error Value: White=0.26 (precise) /Black=0.39} 1/2-1/2

[Event "2nd Serbia Open Masters 2022"]
[Site "Novi Sad"]
[Date "2022.06.29"]
[Round "2.14"]
[White "Narva, Mai"]
[Black "Harsha Bharathakoti"]
[Result "1/2-1/2"]
[ECO "C70"]
[WhiteElo "2385"]
[BlackElo "2547"]
[Annotator "TA"]
[PlyCount "120"]
[EventDate "2022.06.28"]
[EventType "swiss"]
[EventCountry "SRB"]
[SourceTitle "playchess.com"]
[Source "ChessBase"]
[SourceQuality "1"]
[TimeControl "40/5400+30:900+30"]

1. e4 e5 2. Nf3 Nc6 3. Bb5 a6 4. Ba4 f5 5. d4 exd4 6. Nxd4 {[%emt 0:07:20] C70: Ruy Lopez: 3...a6 4 Ba4, Norwegian and Delayed Schliemann.} (6. e5 $1 $16) 6... Qh4 {[%emt 0:36:55] [#]} (6... Nxd4 $11 {remains equal.} 7. Qxd4 c5 8. Qe5+ Qe7 9. Qxe7+ (9. Qxf5 b5 $17) 9... Bxe7) 7. Nc3 $146 (7. Nxf5 Qxe4+ 8. Qe2 Qxe2+ 9. Kxe2 d5 $15) ({Predecessor:} 7. O-O fxe4 8. Nc3 Nf6 9. Nf5 Qg4 10. Qxg4 Nxg4 11. Nxe4 d5 12. Neg3 g6 13. Nd4 Bd7 {0-1 (38) Lecoq,J (2075)-Leygue,D (2278) France 2005}) 7... Bb4 {[%emt 0:03:39] [#]} 8. O-O $1 {[%emt 0:02:02] White is clearly better.} (8. Nxf5 Qxe4+ 9. Qe2 Qxe2+ 10. Kxe2 Bxc3 11. bxc3 d6 $11) 8... Nge7 {[%emt 0:09:04] [#]} 9. Bb3 ({Don't do} 9. Nxf5 Nxf5 10. g3 (10. exf5 O-O $16) 10... Qh3 $16) (9. Nf3 $1 $18 Qh5 10. Nd5) 9... Bxc3 10. bxc3 fxe4 11. f3 {[%emt 0:16:32] White is more active.} d6 12. Re1 (12. Nxc6 $18 Nxc6 13. Qd5) 12... Nxd4 13. Rxe4 {[%emt 0:06:33] Really sharp!} Qf6 {[%emt 0:00:05] ...Ndc6 is the strong threat.} (13... Nxb3 $2 14. Rxh4 Nxa1 15. Bg5 $18) 14. cxd4 ({White should play} 14. Qxd4 $16 {[%cal Oc1g5] Strongly threatening Bg5!} Kd8 15. Qxf6 gxf6 16. Bh6) 14... Bf5 $14 15. Re1 O-O-O 16. Rb1 Nc6 17. d5 Qd4+ 18. Be3 Qxd1 19. Rbxd1 Na5 20. Bd4 Nxb3 21. cxb3 Rd7 22. g4 Bg6 23. Kg2 Kd8 24. f4 Rg8 25. f5 Bf7 26. Bc3 Re7 27. Rxe7 Kxe7 $11 {[%emt 0:00:03][%mdl 4096] Endgame KRB-KRB} 28. Kf3 g6 29. f6+ Kd7 30. g5 Rh8 31. Kg3 Re8 32. Kf3 {[%emt 0:00:21] Prevents Re3+.} a5 33. h4 Ra8 34. Kf4 a4 35. b4 a3 36. Rd3 Re8 37. Bd2 Re2 38. Kf3 Re5 39. Bf4 Rxd5 40. Rxa3 {[%emt 0:00:00] The position is equal.} Rd4 41. Re3 ({Much weaker is} 41. b5 Rb4 $15) 41... Be6 42. a3 b6 43. Rc3 Bd5+ 44. Kg3 Be6 45. Kf3 Bd5+ 46. Kg3 Rd1 47. Re3 Be6 48. Rf3 c5 49. bxc5 bxc5 50. Kf2 Ra1 51. Bd2 {[%emt 0:01:01] And now f7 would win.} Ke8 (51... Ra2 $5 ) 52. Re3 Kd7 53. Rf3 Ra2 54. Ke1 {[%emt 0:00:23] Hoping for f7.} Ke8 55. Re3 Kd7 56. Rf3 {[%emt 0:00:05] aiming for f7.} Ke8 57. Re3 Ra1+ 58. Kf2 Kd7 59. Rf3 {[%emt 0:00:09] Threatens to win with f7.} Ke8 60. Re3 Kd7 $1 {[%emt 0:00:03] Black defended with fortune.  Weighted Error Value: White=0.07 (flawless) /Black=0.09 (flawless)} 1/2-1/2

[Event "2nd Serbia Open Masters 2022"]
[Site "Novi Sad"]
[Date "2022.06.29"]
[Round "2.15"]
[White "Perunovic, Milos"]
[Black "Roebers, Eline"]
[Result "1-0"]
[ECO "B90"]
[WhiteElo "2544"]
[BlackElo "2369"]
[Annotator "TA"]
[PlyCount "67"]
[EventDate "2022.06.28"]
[EventType "swiss"]
[EventCountry "SRB"]
[SourceTitle "playchess.com"]
[Source "ChessBase"]
[SourceQuality "1"]
[TimeControl "40/5400+30:900+30"]

1. e4 c5 2. Nc3 d6 3. Nge2 Nf6 4. d4 cxd4 5. Nxd4 a6 6. Qd3 {[%emt 0:08:22] B90: Sicilian Najdorf: Unusual White 6th moves, 6 Be3 Ng4 and 6 Be3 e5.} e5 7. Nf5 h6 {[%emt 0:20:22] Against Bg5} 8. Be2 (8. Ne3 $14) 8... Bxf5 $11 9. exf5 d5 10. O-O e4 11. Qg3 Nc6 $36 {[%emt 0:05:34][%mdl 2048] Black has the initiative.} 12. Rd1 {[%emt 0:06:10][%cal Oc3d5] [#] Black must now prevent Nxd5!} d4 $146 ({Predecessor:} 12... Qa5 13. Bd2 O-O-O 14. Nxe4 Nxe4 15. Bxa5 Nxg3 16. Bxd8 Nxe2+ 17. Kf1 Ned4 18. Bb6 Nxf5 19. Rxd5 {½-½ (40) Bartel,M (2648)-Matuszewski,M (2415) Gorzow Wielkopolski 2014}) 13. Bc4 $1 {[%emt 0:09:38][%cal Oc3e4] Nxe4! is the strong threat.} Qa5 {[%emt 0:03:14] [#]} 14. Ne2 (14. Nxe4 $1 $14 Nxe4 15. Bxf7+ Kd8 16. Qf4 (16. Qh4+ Nf6 $11)) 14... Rd8 $1 $15 15. Qh3 (15. Bxf7+ $2 Kxf7 16. Qb3+ Qd5 17. Qxb7+ Rd7 $19) (15. b3 $15) 15... Ne5 $1 $17 {[%emt 0:06:40] Pair of Knights!} 16. Bb3 Bc5 (16... d3 17. cxd3 Nxd3 18. Nf4 $11) 17. Nf4 {[%emt 0:06:46] Inhibits d3.} (17. Bf4 $17 {was worth a try.} Neg4 18. Ng3) 17... Nfg4 $2 {[%emt 0:07:19] [#]} ({Black should try} 17... e3 $1 $19 18. Qh4 (18. fxe3 $2 dxe3 19. Rxd8+ Kxd8 $19) 18... O-O) 18. Qh5 (18. Bxf7+ $1 $16 Kxf7 19. Qb3+ Ke8 20. Qe6+ Be7 21. Ng6) 18... Nf6 (18... Rd7 $15 19. h3 Nf6) 19. Qh4 $2 (19. Qh3 $1 $11 {and White has nothing to worry.}) 19... Qb6 (19... e3 $1 $19 {and Black stays clearly on top. And now ...0-0 would win.} 20. Kh1 O-O) 20. Qg3 {[%emt 0:02:38] [#]} (20. Ba4+ $17 Kf8 21. h3) 20... Qd6 $2 ({Better is} 20... O-O $1 $19 {Strongly threatening ...e3.} 21. Ne6 fxe6 22. Bxh6 (22. Qxe5 $2 Kh8 $19) 22... Neg4 23. Bxe6+ {[#]} Rf7 $1 ) 21. Re1 {[%emt 0:02:31][%cal Of4d5] Against e3} ({Not} 21. Qxg7 $2 Rg8 22. Qxh6 Neg4 $19) 21... h5 {[%emt 0:01:12] [#]} (21... Kf8 {is more complex.} 22. Nd3 exd3 23. Bf4 d2) 22. Nd3 $1 Nxd3 23. Qxd6 Bxd6 24. cxd3 e3 (24... Bb4 $11 25. Rd1 (25. Re2 O-O $15) 25... O-O) 25. fxe3 $14 Ng4 (25... Bb4 $16 {was necessary.} 26. Re2 dxe3) 26. exd4+ $18 Kf8 27. h3 Bh2+ 28. Kf1 Nh6 29. Bg5 f6 30. Bd2 Bd6 (30... Nxf5 $16 31. Bb4+ Bd6) 31. Be6 Nf7 32. Rac1 Ng5 33. Ba5 Re8 34. Bd5 {[%emt 0:01:23] Quite a comeback for White.  Weighted Error Value: White=0.44/Black=0.47} 1-0

[Event "2nd Serbia Open Masters 2022"]
[Site "Novi Sad"]
[Date "2022.06.29"]
[Round "2.16"]
[White "Injac, Teodora"]
[Black "Zanan, Evgeny"]
[Result "1-0"]
[ECO "E59"]
[WhiteElo "2384"]
[BlackElo "2534"]
[Annotator "TA"]
[PlyCount "143"]
[EventDate "2022.06.28"]
[EventType "swiss"]
[EventCountry "SRB"]
[SourceTitle "playchess.com"]
[Source "ChessBase"]
[SourceQuality "1"]
[TimeControl "40/5400+30:900+30"]

1. d4 Nf6 2. c4 e6 3. Nc3 Bb4 4. e3 O-O 5. Bd3 d5 6. a3 Bxc3+ 7. bxc3 dxc4 8. Bxc4 c5 9. Nf3 Nc6 10. O-O Qc7 11. Re1 $1 {[%emt 0:07:10][%mdl 4] 11.Re1 is the recent fashion.} Rd8 {[%emt 0:11:38] [#] E59: Nimzo-Indian: Rubinstein: Main Line: 7...Nc6 8 a3 Bxc3 9 bxc3 dxc4.} 12. Bf1 $146 ({Predecessor:} 12. Ba2 e5 13. Ng5 Rd7 14. d5 e4 15. Qc2 Ne5 16. Nxe4 Nxd5 17. f4 Ng6 18. c4 Nde7 19. Bb2 {1-0 (36) Pechac,J (2598)-Stocek,J (2541) Prague 2022}) 12... e5 13. h3 Bf5 {[%emt 0:10:46] The position is equal.} 14. Bb5 e4 15. Nd2 Ne7 16. a4 Ng6 17. Ba3 b6 18. a5 Nh4 19. axb6 axb6 20. Bb2 Rxa1 21. Qxa1 h5 22. Bf1 Nd5 23. c4 (23. Qd1 $5 ) 23... Nb4 24. Qd1 {[%emt 0:11:34] Inhibits Nc2.} Rd6 (24... Qe7 $1 $14 {is superior.}) 25. Qxh5 ({White should try} 25. g3 $16) 25... Rh6 $2 (25... Qe7 $1 $11 {and Black stays safe.}) 26. Qg5 $36 {[%emt 0:00:00][%mdl 2048] White is really pushing.} Bxh3 $2 (26... f6 27. Qg3 Nf3+ 28. Nxf3 (28. gxf3 Rg6 $11) 28... Qxg3 29. fxg3 exf3) 27. dxc5 ({Avoid the trap} 27. gxh3 $2 Rg6 28. Qxg6 fxg6 $19) 27... Nf5 28. Nxe4 ({Stronger than} 28. gxh3 Rg6 29. Qxg6 fxg6 $11) 28... Rg6 {[%emt 0:00:31] Prevents Nf6+.} 29. Qf4 Qd8 30. Ng3 (30. cxb6 $142 Nh4 31. Nf6+ $1 gxf6 32. Qxh4) 30... Nxg3 31. fxg3 Bg4 (31... Bc8 {was necessary.} 32. cxb6 Qxb6) 32. cxb6 Qxb6 33. Bd4 Qd8 34. Rb1 Nc6 35. Rb6 Bd7 36. Rb7 Be6 37. Qc7 ({Not} 37. Bd3 Rg4 38. Qf2 Nxd4 39. exd4 Rxd4 $14) 37... Qe8 38. Rb6 Bf5 39. Qf4 Be4 40. Rb5 Qe6 41. Rg5 Rxg5 42. Qxg5 f6 43. Qf4 Ne7 44. g4 Nc6 45. g5 f5 46. Qc7 Qg6 47. Qg3 Kh7 48. c5 Qf7 49. Qh4+ Kg8 50. g6 Qxg6 51. Bc4+ {[%emt 0:00:04] A strong pair of Bishops.} Kf8 52. Qh8+ Ke7 53. Qxg7+ Qxg7 54. Bxg7 {[%emt 0:00:02][%mdl 4096] Endgame KBB-KBN} Na5 55. Bg8 Nb7 56. Bd4 {[%emt 0:00:21] Bh7 is the strong threat.} Bc6 57. Bh7 Ke6 58. Bg8+ Ke7 $1 59. Kf2 Nd8 60. Bc4 Be4 61. Be2 Ke6 $2 (61... Ne6 62. g4 fxg4 63. Bxg4 Kd7) 62. Bf3 {[%emt 0:00:49] Black must now prevent Bxe4.} Kd5 $2 (62... Bd3 63. Kg3 Bb5) 63. Bxe4+ Kxe4 {[%emt 0:00:04] KB-KN} 64. Bf6 Nc6 65. g3 $2 (65. Bg5 $18 {has better winning chances. And now Kg3 would win.} Kd5 66. Kg3) 65... Nb4 $16 {[%emt 0:00:42] This move loses the game for Black.} 66. Bd4 Nc6 {[%emt 0:00:24] [#]} 67. Kg2 $1 Nd8 {[%emt 0:00:35] [#]} 68. Kh3 $1 Kf3 69. Kh4 {[%emt 0:00:29] White mates.} Nc6 70. Kg5 Ke4 71. Kf6 Nb4 72. Ke6 {[%emt 0:00:19] Weighted Error Value: White=0.29 (precise) /Black=0.35} 1-0